 Dungeon Crawl Stone Soup version 0.30-a0-1160-g6e42c06551 (webtiles) character file.

Game seed: 6131511249791898325

83748 DavidChitty2 the Severer (level 15, -15/139 HPs)
             Began as a Minotaur Fighter on Apr 18, 2023.
             Was the Champion of Okawaru.
             Demolished by an ettin
             ... wielding a +0 giant club of distortion
              (25 damage)
             ... on level 3 of the Abyss on Apr 25, 2023.
             The game lasted 00:32:12 (20854 turns).

DavidChitty2 the Severer (Minotaur Fighter)        Turns: 20854, Time: 00:32:13

Health: -15/139    AC: 28    Str: 28    XL:     15   Next: 33%
Magic:  23/23      EV:  8    Int:  7    God:    Okawaru [******]
Gold:   1263       SH: 14    Dex: 16    Spells: 14/14 levels left

rFire   . . .        a - +6 broad axe (elec)
rCold   . . .        c - +1 buckler
rNeg    . . .        I - +0 plate armour
rPois   +            (helmet restricted)
rElec   .            n - +0 cloak
rCorr   .            D - +1 pair of gloves {hurl}
SInv    .            o - +2 pair of boots
Will    +....        O - amulet of reflection Stlth
                     P - ring "Gixken" {Int+2 Dex+3 Slay+4}
HPRegen 0.43/turn    N - ring "Koymyrer" {rPois AC+4 Str+3 Slay+3}
MPRegen 0.18/turn

%: reflection
@: silenced
A: horns 2, retaliatory headbutt
a: Renounce Religion


You were on level 3 of the Abyss.
You worshipped Okawaru.
Okawaru was exalted by your worship.
You visited 3 branches of the dungeon, and saw 21 of its levels.
You visited the Abyss 1 time.
You also visited: Gauntlet.

You collected 1543 gold pieces.
You spent 280 gold pieces at shops.

Inventory:

Hand Weapons
 a - a +6 broad axe of electrocution (weapon)
   (You acquired it on level 4 of the Dungeon)
 b - a +3 morningstar of protection
   (You found it on level 3 of the Lair of Beasts)
 w - the +5 war axe of Elitism {freeze, rElec MP+9}
   (Okawaru gifted it to you on level 5 of the Lair of Beasts)

   rElec:     It insulates you from electricity.
   MP:        It affects your magic capacity (+9).
 Q - the +1 broad axe of Fiklynes {elec, rF+ Str+4}
   (Okawaru gifted it to you on level 13 of the Dungeon)

   Str:       It affects your strength (+4).
   rF:        It protects you from fire.
Missiles
 G - 2 throwing nets (quivered) {!f}
 J - 23 javelins
Armour
 c - a +1 buckler (worn)
 n - a +0 cloak (worn)
   (You took it off Crazy Yiuf on level 7 of the Dungeon)
 o - a +2 pair of boots (worn)
   (You found it on level 2 of the Dungeon)
 D - a +1 pair of gloves of hurling (worn)
   (You found it on level 3 of the Lair of Beasts)
 I - a +0 plate armour (worn)
   (You took it off an orc warrior on level 9 of the Dungeon)
 S - a +3 scale mail of fire resistance
   (You found it in a Gauntlet)
Jewellery
 L - a ring of positive energy
   (You found it in a Gauntlet)
 N - the ring "Koymyrer" (right hand) {rPois AC+4 Str+3 Slay+3}
   (You found it in a Gauntlet)

   [ring of protection]

   AC:        It affects your AC (+4).
   Str:       It affects your strength (+3).
   Slay:      It affects your accuracy & damage with ranged weapons and melee
   (+3).
   rPois:     It protects you from poison.
 O - an amulet of reflection (around neck)
   (You found it in a Gauntlet)
 P - the ring "Gixken" (left hand) {Int+2 Dex+3 Slay+4}
   (You took it off a minotaur in a Gauntlet)

   [ring of slaying]

   Int:       It affects your intelligence (+2).
   Dex:       It affects your dexterity (+3).
   Slay:      It affects your accuracy & damage with ranged weapons and melee
   (+4).
 R - a ring of resist corrosion
   (You found it on level 13 of the Dungeon)
Wands
 d - a wand of iceblast (9)
   (You found it on level 6 of the Dungeon)
 t - a wand of flame (34)
   (You found it on level 4 of the Dungeon)
 u - a wand of paralysis (17)
   (You found it on level 6 of the Dungeon)
 v - a wand of digging (8)
   (You found it on level 3 of the Lair of Beasts)
 y - a wand of quicksilver (21)
   (You took it off Ijyb on level 3 of the Dungeon)
 C - a wand of mindburst (17)
   (You found it on level 12 of the Dungeon)
 K - a wand of polymorph (6)
   (You found it on level 13 of the Dungeon)
Scrolls
 e - 7 scrolls of blinking
 f - 3 scrolls of silence
 h - 6 scrolls of teleportation {@r4}
 q - a scroll of fog
 r - 2 scrolls of poison {!r}
 F - 3 scrolls of magic mapping
 H - 3 scrolls of identify {@r1}
 M - 3 scrolls of fear
 T - a scroll of vulnerability {!r}
Potions
 g - 2 potions of berserk rage
 i - 2 potions of invisibility
 j - 4 potions of attraction {!q}
 k - 3 potions of ambrosia
 l - 4 potions of mutation {!q}
 m - 3 potions of haste {@q3}
 p - 4 potions of flight
 s - 3 potions of lignification {!q}
 x - 3 potions of cancellation
 z - 9 potions of heal wounds {@q2}
 A - 7 potions of brilliance
 B - 7 potions of curing {@q1}
 E - 4 potions of might


   Skills:
 + Level 14.4 Fighting
 - Level 18.0 Axes
 + Level 14.4 Armour
 + Level 14.3 Shields
 - Level 12.0 Invocations


You had 14 spell levels left.
You didn't know any spells.
Your spell library contained the following spells:

 Spells                   Type           Power      Damage    Failure   Level
 Apportation              Tloc           0%         N/A       97%         1
 Magic Dart               Conj           0%         1d3       97%         1
 Slow                     Hex            0%         N/A       97%         1
 Cigotuvi's Dreadful Rot  Necr/Pois/Air  0%         N/A       99%         2
 Searing Ray              Conj           0%         2d4       99%         2
 Confusing Touch          Hex            0%         N/A       100%        3
 Dazzling Flash           Conj/Hex       0%         N/A       100%        3
 Gell's Gravitas          Tloc           0%         N/A       100%        3
 Ignite Poison            Fire/Tmut/Pois 0%         N/A       100%        3
 Inner Flame              Hex/Fire       0%         N/A       100%        3
 Portal Projectile        Hex/Tloc       0%         N/A       100%        3
 Teleport Other           Tloc           0%         N/A       100%        3
 Vampiric Draining        Necr           0%         2d6       100%        3
 Dispel Undead            Necr           0%         3d6       100%        4
 Fulminant Prism          Conj/Hex       0%         3d5       100%        4
 Leda's Liquefaction      Hex/Erth       0%         N/A       100%        4
 Agony                    Necr           0%         N/A       100%        5
 Alistair's Intoxication  Tmut/Pois      0%         N/A       100%        5
 Borgnjor's Vile Clutch   Necr/Erth      0%         N/A       100%        5
 Freezing Cloud           Conj/Ice/Air   0%         6-21      100%        5
 Silence                  Hex/Air        0%         N/A       100%        5
 Yara's Violent Unravell  Hex/Tmut       0%         3d3       100%        5
 Dispersal                Tloc           0%         N/A       100%        6
 Eringya's Noxious Bog    Tmut/Pois      0%         N/A       100%        6
 Enfeeble                 Hex            0%         N/A       100%        7
 Call Canine Familiar     Summ           Unusable   N/A       N/A         3
 Death Channel            Necr           Unusable   N/A       N/A         6

Dungeon Overview and Level Annotations

Branches:
Dungeon (15/15)            Temple (1/1) D:6            Lair (5/5) D:10
 Shoals (0/4) Lair:3       Spider (0/4) Lair:3        Slime (0/5) Lair:5
    Orc (0/2) D:12         Vaults (0/5) D:13        Gauntlet (visited)
 Depths: D:15

Altars:
Ashenzari
Cheibriados
Dithmenos
Elyvilon
Fedhas
Gozag
Hepliaklqana
Kikubaaqudgha
Makhleb
Nemelex Xobeh
Okawaru
Qazlal
Ru
Sif Muna
Trog
Uskayaw
Vehumet
Wu Jian
Xom
Yredelemnul
Zin
The Shining One

Shops:
D:9 !

Annotations:
D:4 2 transporters
D:10 3 runed translucent doors, oper's ghost, journeyman DsGl
D:12 3 runed translucent doors, Houjaeh's ghost, journeyman TrBe
D:15 Louise


Innate Abilities, Weirdness & Mutations

You have a pair of horns on your head.
You reflexively headbutt those who attack you in melee.


Message History

No target in view!
No target in view!
No target in view!
No target in view!
No target in view!
No target in view!
No target in view!
No target in view!
No target in view!
No target in view!
The substance of the Abyss twists violently, and a gateway leading out appears!
There is a gateway leading out of the Abyss here.
Found three runelights.
Found two runelights.
Found a runelight.
Found a runelight.
Found three runelights.
Found a runelight.
Found a runelight.
Found a runelight.
Found a runelight.
An ettin comes into view.
It is wielding a +0 giant club of distortion and a +0 giant club of chaos.
Found two runelights.
A flayed ghost comes into view.
The ettin hits you with a +0 giant club of distortion!!
Space warps around you. You block the ettin's attack.
The ettin hits you with a +0 giant club of distortion!!!
* * * LOW HITPOINT WARNING * * *
Space warps horribly around you!
* * * LOW HITPOINT WARNING * * *
The ettin hits you with a +0 giant club of chaos!!
* * * LOW HITPOINT WARNING * * *
Space warps horribly around you!
* * * LOW HITPOINT WARNING * * *
Magic scrolls do not work when you're silenced!
You feel much better. You block the ettin's attack.
The ettin barely misses you.
You feel much better. You block the ettin's attack.
The ettin hits you with a +0 giant club of chaos!!
* * * LOW HITPOINT WARNING * * *
You easily resist.
You feel much better.
The ettin hits you with a +0 giant club of distortion!!
* * * LOW HITPOINT WARNING * * *
Space warps around you.
* * * LOW HITPOINT WARNING * * *
You block the ettin's attack.
You slash the ettin!
The ettin hits you with a +0 giant club of distortion!!
You die...

φ ## .... . ##⌠. ##.
## #.#⌠......# # W
#~# ⌠...##.# #⌠###
##.##~⌠. . .# .#
#⌠⌠..###∩##~..##. . .
#...⌠⌠⌠⌠⌠⌠⌠⌠..##..
#.....C........
.###.#
..###@##.#####......#
#.
#...##.##.#.#.#####
....##...# ....## .
#..## #.###..∩ .. . .
... ..#.. #.##.. #.
#. .#..###. #....## .
# .##.#......#. .
#.#..# ##..# #.. # #


You could see an ettin and a flayed ghost (unsilenced).

Vanquished Creatures
  A tentacled starspawn (Abyss:3)
  An ironbound preserver (D:13)
  A very ugly thing (Abyss:3)
  A minotaur (Gauntlet)
  Josephine (D:14)
  A fire dragon (D:15)
  6 hydras
  5 catoblepae
  5 centaur warriors
  8 death yaks (Lair:5)
  3 tengu warriors
  3 two-headed ogres (D:13)
  Urug (D:11)
  3 thrashing horrors (Abyss:3)
  A sun demon (Abyss:3)
  A soul eater (Abyss:3)
  A death drake (Gauntlet)
  2 skysharks
  A deep elf pyromancer (D:13)
  2 starcursed masses (Abyss:3)
  An orc knight (D:15)
  4 ugly things
  10 manticores
  A worldbinder (Abyss:3)
  6 black mambas
  8 elephants
  5 cyclopes
  A centaur zombie (Gauntlet)
  6 cane toads
  A gargoyle (D:12)
  3 torpor snails
  2 kobold demonologists (D:7)
  An orange demon (Abyss:3)
  11 komodo dragons
  An efreet (D:14)
  5 rime drakes
  4 tengu conjurers
  An ancient zyme (Abyss:3)
  3 large abominations (Abyss:3)
  3 trolls
  2 polar bears
  4 hornets
  12 blink frogs
  4 raiju (Abyss:3)
  7 dream sheep
  3 slime creatures (D:12)
  A shadow (D:13)
  2 vampires
  9 wraiths
  6 wyverns
  85 yaks
  7 basilisks
  2 golden eyes (Abyss:3)
  3 fire bats (Lair:2)
  A steam dragon (D:8)
  10 vampire mosquitoes
  A chaos spawn (Abyss:3)
  A neqoxec (Abyss:3)
  2 redbacks (Lair:3)
  3 acid dragons
  A warg (D:15)
  9 water moccasins
  2 sky beasts
  Duvessa (D:7)
  A spectral hornet (Gauntlet)
  An ice beast (D:7)
  3 orc warriors (D:9)
  3 wolves (Lair:3)
  2 ogres
  14 centaurs
  A phantom (D:4)
  3 kobold brigands
  A scorpion (D:7)
  14 bullfrogs
  4 small abominations (Abyss:3)
  14 wights
  Dowan (D:7)
  4 killer bees (D:10)
  5 howler monkeys
  An electric eel (Lair:5)
  A quasit (Abyss:3)
  Crazy Yiuf (D:7)
  11 orc priests
  3 gnoll boudas
  A hound (shapeshifter) (Abyss:3)
  2 hounds
  7 jellies
  3 sleepcaps
  2 iguanas
  A spectral boggart (Gauntlet)
  Ijyb (D:3)
  A boggart zombie (Gauntlet)
  5 orc wizards
  11 gnolls
  6 adders
  A white imp (D:8)
  An ufetubus (Abyss:3)
  31 orcs
  8 endoplasms
  A giant cockroach (D:2)
  7 hobgoblins
  2 jackals (D:5)
  16 kobolds
  5 quokkas
  9 ball pythons
  6 bats
  A frilled lizard (D:2)
  11 goblins
  6 rats
536 creatures vanquished.

Vanquished Creatures (others)
  12 fungi
  A lurking horror (Abyss:3)
  41 plants
54 creatures vanquished.

Grand Total: 590 creatures vanquished

Notes
Turn   | Place    | Note
-------+----------+-------------------------------------------
     0 | D:1      | DavidChitty2 the Minotaur Fighter began the quest for the
                  | Orb.
     0 | D:1      | Reached XP level 1. HP: 19/19 MP: 0/0
   128 | D:1      | Reached XP level 2. HP: 27/27 MP: 1/1
   242 | D:1      | Reached skill level 3 in Axes
   265 | D:1      | Found a faded altar of an unknown god.
   993 | D:2      | Reached XP level 3. HP: 33/33 MP: 2/2
  1399 | D:3      | Reached XP level 4. HP: 37/40 MP: 3/3
  1401 | D:3      | Reached skill level 4 in Axes
  1493 | D:3      | Identified the +8 war axe of the Sky {drain, Int+5 Stlth+}
  1635 | D:3      | Noticed Ijyb
  1642 | D:3      | Killed Ijyb
  2151 | D:4      | Identified a scroll of acquirement
  2151 | D:4      | Acquired a +4 heavy broad axe
  2167 | D:4      | Found a transporter.
  2174 | D:4      | Reached XP level 5. HP: 42/47 MP: 4/4
  2300 | D:4      | Found a transporter.
  2355 | D:4      | Identified the +6 dagger of the Conjuring Fool {venom,
                  | *Noise rC+ Stlth+}
  2589 | D:4      | Reached skill level 5 in Axes
  2643 | D:4      | Noticed a phantom
  2648 | D:4      | Killed a phantom
  2649 | D:4      | Reached skill level 5 in Armour
  2649 | D:4      | Reached skill level 5 in Shields
  2649 | D:4      | Reached XP level 6. HP: 47/55 MP: 5/5
  2968 | D:5      | Entered Level 5 of the Dungeon
  2970 | D:5      | Upgraded the game from 0.30-a0-1103-g25895a7845 to
                  | 0.30-a0-1160-g6e42c06551
  3084 | D:5      | Reached skill level 5 in Fighting
  3085 | D:5      | Found the +12 glaive of Prune {freeze, Prune}
  3642 | D:6      | Reached skill level 6 in Axes
  3812 | D:6      | Reached XP level 7. HP: 53/61 MP: 4/6
  3990 | D:6      | Reached skill level 7 in Axes
  4231 | D:6      | Found a staircase to the Ecumenical Temple.
  4242 | Temple   | Entered the Ecumenical Temple
  4813 | Temple   | Became a worshipper of Warmaster Okawaru
  4878 | D:6      | Reached XP level 8. HP: 70/70 MP: 7/7
  5536 | D:7      | Reached skill level 1 in Invocations
  5629 | D:7      | Reached skill level 8 in Axes
  5845 | D:7      | Noticed Duvessa
  5845 | D:7      | Noticed Dowan
  5851 | D:7      | Killed Dowan
  5852 | D:7      | Killed Duvessa
  5933 | D:7      | Found a runed translucent door.
  5934 | D:7      | Noticed Crazy Yiuf
  6012 | D:7      | Found a broken altar of Ashenzari.
  6247 | D:7      | Noticed a troll
  6266 | D:7      | Reached * piety under Okawaru
  6291 | D:7      | Reached skill level 9 in Axes
  6291 | D:7      | Reached XP level 9. HP: 78/79 MP: 10/10
  6296 | D:7      | Killed a troll
  6658 | D:7      | Killed Crazy Yiuf
  6736 | D:8      | Reached ** piety under Okawaru
  6742 | D:8      | Reached skill level 10 in Axes
  7038 | D:8      | Noticed a kobold demonologist
  7042 | D:8      | Noticed a kobold demonologist
  7054 | D:8      | Noticed a hellwing
  7123 | D:7      | Noticed a rust devil
  7124 | D:7      | Killed a kobold demonologist
  7125 | D:7      | Reached XP level 10. HP: 79/88 MP: 12/12
  7171 | D:7      | Reached *** piety under Okawaru
  7206 | D:8      | Reached skill level 11 in Axes
  7777 | D:9      | Reached skill level 5 in Invocations
  8061 | D:9      | Reached **** piety under Okawaru
  8068 | D:9      | Paralysed by a hornet for 2 turns
  8080 | D:9      | Reached skill level 12 in Axes
  8346 | D:9      | Found Petadi's Distillery.
  8430 | D:9      | Bought a potion of heal wounds for 70 gold pieces
  8430 | D:9      | Bought a potion of heal wounds for 70 gold pieces
  8430 | D:9      | Bought a potion of haste for 140 gold pieces
  8832 | D:10     | Entered Level 10 of the Dungeon
  8835 | D:10     | Found a staircase to the Lair.
  8917 | D:10     | Noticed a manticore
  8928 | D:10     | Killed a manticore
  9125 | D:10     | Received a gift from Okawaru
  9154 | D:10     | Reached XP level 11. HP: 81/97 MP: 11/14
  9260 | D:10     | Found a runed translucent gate.
  9260 | D:10     | Noticed a fire crab
  9261 | D:10     | Found a runed translucent gate.
  9262 | D:10     | Found a runed translucent gate.
  9262 | D:10     | Noticed oper's ghost (journeyman DsGl)
  9272 | D:10     | a fire crab changed into a harpy
  9272 | D:10     | Noticed a harpy (shapeshifter)
  9732 | D:10     | Noticed a deep troll
  9812 | D:11     | Noticed Urug
  9812 | D:11     | Noticed a centaur warrior
  9947 | Lair:1   | Entered Level 1 of the Lair of Beasts
 10261 | Lair:1   | Found a glowing silver altar of Zin.
 10434 | Lair:1   | Reached skill level 13 in Axes
 10439 | Lair:1   | Reached skill level 10 in Shields
 10667 | Lair:1   | Reached ***** piety under Okawaru
 10668 | Lair:1   | Reached skill level 10 in Armour
 10792 | Lair:2   | Noticed a catoblepas
 10801 | Lair:2   | Killed a catoblepas
 10802 | Lair:2   | Reached skill level 10 in Fighting
 10817 | Lair:2   | Found a gate leading to a gauntlet.
 10823 | Lair:2   | Received a gift from Okawaru
 10836 | Gauntlet | Entered a Gauntlet
 10836 | Gauntlet | Noticed a tengu warrior
 10836 | Gauntlet | Found a runed translucent door.
 10836 | Gauntlet | Found a transporter.
 10836 | Gauntlet | Found a runed translucent door.
 10863 | Gauntlet | Found a transporter.
 10866 | Gauntlet | Found a transporter.
 10877 | Gauntlet | Found a transporter.
 10880 | Gauntlet | Found a transporter.
 10884 | Gauntlet | Noticed a death scarab
 10899 | Gauntlet | Found a transporter.
 10899 | Gauntlet | Noticed a death scarab
 10907 | Gauntlet | Found a transporter.
 10908 | Gauntlet | Noticed a fire crab
 10918 | Gauntlet | Found a transporter.
 10919 | Gauntlet | Noticed a blizzard demon
 10929 | Gauntlet | Found a transporter.
 10936 | Gauntlet | Noticed a death drake
 10946 | Gauntlet | Found a transporter.
 10957 | Gauntlet | Found a transporter.
 10957 | Gauntlet | Found a transporter.
 11002 | Gauntlet | Found a transporter.
 11022 | Gauntlet | Found a transporter.
 11022 | Gauntlet | Found the brooch of Shielding {Spirit SH+8}
 11112 | Gauntlet | Killed a tengu warrior
 11173 | Gauntlet | Paralysed by a hornet for 2 turns
 11188 | Gauntlet | Identified the ring "Koymyrer" {rPois AC+4 Str+3 Slay+3}
 11211 | Gauntlet | Received a gift from Okawaru
 11224 | Gauntlet | Killed a death drake
 11225 | Gauntlet | Reached skill level 14 in Axes
 11225 | Gauntlet | Reached XP level 12. HP: 103/107 MP: 7/16
 11360 | Gauntlet | Identified the ring "Gixken" {Int+2 Dex+3 Slay+4}
 11360 | Gauntlet | Noticed a minotaur
 11377 | Gauntlet | Killed a minotaur
 11739 | Lair:2   | Identified the +2 robe of the Accordion {Contam rElec rF+
                  | rCorr Str+2}
 12466 | Lair:3   | Found a staircase to the Shoals.
 12529 | Lair:3   | Noticed a seven-headed hydra
 12539 | Lair:3   | Killed an 11-headed hydra
 12542 | Lair:3   | Reached skill level 15 in Axes
 12765 | Lair:3   | Found a hole to the Spider Nest.
 12938 | Lair:3   | Received a gift from Okawaru
 13322 | Lair:4   | Reached XP level 13. HP: 117/117 MP: 18/18
 13604 | Lair:4   | Reached ****** piety under Okawaru
 13660 | Lair:4   | Received a gift from Okawaru
 13942 | Lair:5   | Entered Level 5 of the Lair of Beasts
 13953 | Lair:4   | Reached skill level 16 in Axes
 14432 | Lair:5   | Found a staircase to the Slime Pits.
 14721 | Lair:5   | Identified the +5 war axe of Elitism {freeze, rElec MP+9}
                  | (Okawaru gifted it to you on level 5 of the Lair of Beasts)
 14721 | Lair:5   | Received a gift from Okawaru
 14960 | Lair:5   | Reached skill level 17 in Axes
 15483 | Lair:5   | Received a gift from Okawaru
 15487 | Lair:5   | Reached XP level 14. HP: 87/127 MP: 17/20
 16030 | D:11     | Killed Urug
 16302 | D:11     | Identified the +2 robe of the Tired Visionaries {Regen+}
                  | (Okawaru gifted it to you on level 11 of the Dungeon)
 16302 | D:11     | Received a gift from Okawaru
 16795 | D:12     | Found a staircase to the Orcish Mines.
 17090 | D:12     | Found a runed translucent gate.
 17091 | D:12     | Found a runed translucent gate.
 17091 | D:12     | Found a runed translucent gate.
 17092 | D:12     | Noticed Houjaeh's ghost (journeyman TrBe)
 17229 | D:12     | Reached skill level 10 in Invocations
 17685 | D:13     | Reached skill level 18 in Axes
 18333 | D:13     | Noticed an ironbound preserver
 18344 | D:13     | Killed an ironbound preserver
 18654 | D:13     | Found a gate to the Vaults.
 18850 | D:13     | Identified the +1 broad axe of Fiklynes {elec, rF+ Str+4}
                  | (Okawaru gifted it to you on level 13 of the Dungeon)
 18850 | D:13     | Received a gift from Okawaru
 19731 | D:14     | Noticed Josephine
 19738 | D:14     | Killed Josephine
 19846 | D:14     | Reached XP level 15. HP: 138/138 MP: 22/22
 20149 | D:15     | Entered Level 15 of the Dungeon
 20182 | D:15     | Received a gift from Okawaru
 20297 | D:15     | Noticed Louise
 20300 | Abyss:3  | Cast into level 3 of the Abyss (Louise)
 20384 | Abyss:3  | Noticed a tentacled starspawn
 20390 | Abyss:3  | Killed a tentacled starspawn
 20746 | Abyss:3  | Noticed a lich
 20854 | Abyss:3  | Demolished by an ettin

Illustrated notes

Levels and vault maps discovered:
D:1:      saegor_arrival_simple_c, layout_basic, ebering_ecumenical_altar_box
D:2:      kennysheep_six_static_rooms, layout_rooms
D:3:      layout_basic, dk_noncrumbling_2, uniq_ijyb
D:4:      gammafunk_wand_slinger, layout_cave_pods
D:5:      layout_gridville
D:6:      layout_basic, minmay_temple_entry_junction_2
D:7:      minmay_clustersquares, layout_gridville, mainiacjoe_overflow_alcove_2,
          uniq_crazy_yiuf_cottage, uniq_duvessa
D:8:      layout_loops_ring, kennysheep_generic_room_8
D:9:      layout_basic, serial_shops, shop, serial_glass, glass_columns_b,
          glass_columns_a, glass_columns_c, glass_columns_c,
          nicolae_underground_beach
D:10:     layout_roguey, dpeg_oklobed_lair, gammafunk_ghost_split
D:11:     layout_roguey, uniq_urug
D:12:     layout_loops_ring, orc_0_dummy, gammafunk_ghost_hydra_chop,
          nicolae_concentric_dashed_squares_wild
D:13:     layout_loops_corners, skrybe_vaults_entry_preservation,
          david_defended_altar_orc
D:14:     layout_basic, minmay_misc_feat_chi, uniq_josephine
D:15:     gammafunk_depths_entry_grave, layout_loops_ring,
          grunt_dithmenos_smoke_and_mirrors, uniq_louise
Temple:   mainiacjoe_temple_starburst
Lair:1:   layout_hall_layers, basic_altar
Lair:2:   layout_regular_city, gauntlet_entry_generic,
          nicolae_volcano_entry_batcave, st_stairs_3
Lair:3:   layout_big_grid, elwin_shoals_entry_rocks, spider_nest_entry_webs,
          st_stairs_3
Lair:4:   layout_roguey, chequers_serial_rivers_micro_c,
          chequers_serial_rivers_micro_d, grunt_megastairs_2
Lair:5:   evilmike_catoblepas_cave, layout_gridlike,
          nicolae_slime_entry_field_trip, serial_bayou_ford_a,
          serial_bayou_shore_a, lemuel_fruit_tree
Abyss:3:  base: Lair:1, hangedman_steaming_rock, evilmike_abyss_exit_9,
          lemuel_flamethrower_hall, evilmike_abyss_rune_ettins

Skill      XL: |  1  2  3  4  5  6  7  8  9 10 11 12 13 14 15 |
---------------+----------------------------------------------+-----
Axes           | 3 4 5 6 7 9 10 12 14 15 17 18 | 18.0
Shields        | 4 5 6 7 8 9 10 11 12 13 14 | 14.3
Fighting       | 4 5 6 7 8 9 10 11 12 14 | 14.4
Armour         | 4 5 6 7 8 9 10 11 12 13 14 | 14.4
Invocations    | 2 4 5 7 8 9 11 12 | 12.0

Action                     |  1- 3 |  4- 6 |  7- 9 | 10-12 | 13-15 || total
---------------------------+-------+-------+-------+-------+-------++-------
  Melee: War axe           |    80 |    83 |    25 |       |       ||   188
         Headbutt          |     6 |     8 |    24 |    67 |   136 ||   241
         Broad axe         |       |       |   125 |   354 |   540 ||  1019
         Morningstar       |       |       |       |       |    15 ||    15
 Invoke: Heroism           |       |       |     2 |     6 |     4 ||    12
         Finesse           |       |       |       |     4 |     1 ||     5
    Use: Scroll            |       |    12 |     2 |     9 |    11 ||    34
         Potion            |       |       |     1 |       |     5 ||     6
   Stab: Petrifying        |       |       |       |       |     1 ||     1
         Petrified         |       |       |       |       |     1 ||     1
 Armour: Scale mail        |    35 |     2 |       |     3 |       ||    40
         Chain mail        |       |    31 |    74 |    59 |       ||   164
         Plate armour      |       |       |       |   163 |   397 ||   560
  Dodge: Dodged            |    50 |    28 |    49 |   127 |   121 ||   375
  Block: Buckler           |    13 |    20 |    52 |   137 |   357 ||   579
         Reflection        |       |       |       |       |    33 ||    33

Table legend: (Time is in decaauts)
 A = Elapsed time spent in this place.
 B = Non-inter-level travel time spent in this place.
 C = Inter-level travel time spent in this place.
 D = Time resting spent in this place.
 E = Time spent auto-exploring this place.
 F = Levels seen in this place.
 G = Mean time per level.
                   A        B        C        D        E       F      G
               +--------+--------+--------+--------+--------+-----+--------+
         Total |  20849 |  19787 |   1062 |   1485 |  14654 |  23 |  906.5 |
       Dungeon |  13687 |  13028 |    659 |    692 |  10140 |  15 |  912.5 |
        Temple |    627 |    525 |    102 |      0 |    517 |   1 |  627.0 |
          Lair |   5366 |   5065 |    301 |    675 |   3370 |   5 | 1073.2 |
         Abyss |    529 |    529 |      0 |    118 |    202 |   1 |  529.0 |
      Gauntlet |    637 |    637 |      0 |      0 |    425 |   1 |  637.0 |
               +--------+--------+--------+--------+--------+-----+--------+

Top non-repeatable levels by time:
    D:13: 1530 daAuts
  Lair:5: 1472 daAuts
     D:7: 1387 daAuts
     D:6: 1379 daAuts
  Lair:4: 1377 daAuts
    D:10: 1144 daAuts
     D:9: 1078 daAuts
     D:8: 967 daAuts
    D:12: 961 daAuts
    D:14: 942 daAuts
  Lair:1: 874 daAuts
  Lair:2: 869 daAuts
     D:4: 860 daAuts
     D:3: 783 daAuts
  Lair:3: 773 daAuts
